 Dungeon Sprint DCSS version 0.28-a0-1624-g820543e53a (webtiles) character file.

Game seed: 14465273981281899372

1968 innerfire433 the Fighter (level 9, 0/88 HPs)
             Began as a Demonspawn Monk on Jan 23, 2022.
             Was a Priest of Cheibriados.
             Slain by a kobold demonologist (6 damage)
             ... in the Dungeon (Sprint I: "Red Sonja").
             The game lasted 00:07:52 (1142 turns).

innerfire433 the Fighter (Demonspawn Monk)          Turns: 1142, Time: 00:07:53

Health: 0/88       AC: -7    Str: 25      XL:     9   Next: 0%
Magic:  9/9        EV: 13    Int: 20      God:    Cheibriados [***...]
Gold:   126        SH:  6    Dex: 22 (24) Spells: 8/8 levels left

rFire   + . .      SeeInvis .   i - +0 club (spect)
rCold   . . .      Faith    .   l - +0 buckler {rF+}
rNeg    . . .      Spirit   .   k - +6 scale mail of the Pure Wishes {Str+2 Stlth+}
rPois   .          Reflect  .   (helmet restricted)
rElec   .          Harm     .   (no cloak)
rCorr   .          Rampage  .   (no gloves)
Will    .....      NoTele   +   (no boots)
Stlth   ++........              (no amulet)
HPRegen 0.24/turn               (no ring)
MPRegen 0.22/turn               (no ring)

@: corroded, very slow
A: antennae 2, demonic guardian 2, magic regeneration
a: Renounce Religion, Bend Time, Temporal Distortion


You were in the Dungeon.
You worshipped Cheibriados.
Cheibriados was most pleased with you.
You visited 1 branch You collected 632 gold pieces.
You spent 506 gold pieces at shops.

Inventory:

Hand Weapons
 a - a +0 hand axe
 i - a +0 spectral club (weapon)
Armour
 b - a +0 robe
 j - a +0 chain mail
 k - the +6 scale mail of the Pure Wishes (worn) {Str+2 Stlth+}
   (You bought it in a shop in the Dungeon)

   Str:       It affects your strength (+2).
   Stlth:     It makes you more stealthy.
 l - a +0 buckler of fire resistance (worn)
Wands
 g - a wand of iceblast (5)
Scrolls
 d - 2 scrolls of immolation {unknown}
Potions
 c - a potion of degeneration {unknown}
 e - a potion of haste
 f - 2 potions of magic
 m - a potion of curing


   Skills:
 + Level 14.5 Fighting
 - Level 5.4(8.7) Axes
 + Level 10.6(11.1) Maces & Flails
 - Level 0.2 Armour
 - Level 5.0 Dodging
 - Level 2.4 Stealth
 * Level 4.0 Shields


You had 8 spell levels left.
You didn't know any spells.
Your spell library was empty.

Dungeon Overview and Level Annotations

Branches:
Dungeon (1/1)

Altars:
Cheibriados
Dithmenos
Elyvilon
Fedhas
Gozag
Hepliaklqana
Kikubaaqudgha
Makhleb
Nemelex Xobeh
Okawaru
Qazlal
Ru
Sif Muna
Trog
Uskayaw
Vehumet
Wu Jian
Xom
Yredelemnul
Zin
The Shining One
Jiyva
Lugonu

Shops:
D ![[


Innate Abilities, Weirdness & Mutations

You have a pair of antennae on your head.
A demonic guardian rushes to your aid.
You regenerate magic rapidly.


Message History

The quasit closely misses you. The quasit claws you. x2
The rust devil hits you!
* * * LOW HITPOINT WARNING * * *
The rust devil corrodes you! The quasit misses you. The quasit claws you.
* * * LOW HITPOINT WARNING * * *
The quasit claws you.
* * * LOW HITPOINT WARNING * * *
The kobold demonologist closely misses you.
You feel much better. The orange demon stings you from afar!
A demonic guardian appears!
The quasit barely misses you. The quasit closely misses you.
The quasit claws you.
You feel clumsy. The rust devil hits you. The rust devil corrodes you!
The kobold demonologist hits you with a +0 dagger.
* * * LOW HITPOINT WARNING * * *
Okay, then.
Okay, then.
You feel better. The quasit misses you. The quasit claws you.
You block the quasit's attack. The orange demon barely misses you.
You block the kobold demonologist's attack.
The rust devil closely misses you.
Your hellwing hits the kobold demonologist!
Your hellwing hits the kobold demonologist but does no damage.
You barely miss the kobold demonologist.
The kobold demonologist is heavily wounded.
The quasit closely misses you. The quasit claws you. The quasit misses you.
The orange demon stings you from afar!
* * * LOW HITPOINT WARNING * * *
You hit the kobold demonologist but do no damage.
The kobold demonologist is heavily wounded.
The rust devil hits you.
* * * LOW HITPOINT WARNING * * *
The rust devil corrodes you! You block the quasit's attack.
The quasit claws you.
* * * LOW HITPOINT WARNING * * *
You feel clumsy. The quasit claws you.
* * * LOW HITPOINT WARNING * * *
The kobold demonologist hits you with a +0 dagger.
You die...

#####################
)'..#..'..#__#.5@4..#
.#..').#..'..'..#K4.#
###'#####'#__####.4.+
##..#...#)####§/#####
_####..##.#§§§.c#
____##'#_.§≈≈≈§.+
.∩...'..._#≈≈≈.c#
..__##_.#+##+####
____###'# #.).)###{


You could see an orange demon (summoned), a rust devil (summoned), a kobold
demonologist (ally target), a quasit (summoned) and a friendly hellwing
(summoned).

Vanquished Creatures
  Sonja (D)
  A deep troll (D)
  A kobold demonologist (D)
  Sigmund (D)
  A yak (D)
  A floating eye (D)
  Ijyb (D)
7 creatures vanquished.

Vanquished Creatures (collateral kills)
  A slime creature (D)
  An ogre (D)
  A jelly (D)
3 creatures vanquished.

Grand Total: 10 creatures vanquished

Notes
Turn   | Place    | Note
-------+----------+-------------------------------------------
     0 | D        | innerfire433 the Demonspawn Monk began the quest for the
                  | Orb.
     0 | D        | Reached XP level 1. HP: 18/18 MP: 1/1
     2 | D        | Noticed Ijyb
    11 | D        | Killed Ijyb
    12 | D        | Reached skill level 4 in Fighting
    12 | D        | Gained mutation: A weak demonic guardian rushes to your
                  | aid. [demonic ancestry]
    12 | D        | Reached XP level 2. HP: 25/25 MP: 2/2
    43 | D        | Noticed an ogre
    48 | D        | Killed an ogre
    49 | D        | Reached skill level 5 in Fighting
    49 | D        | Reached skill level 5 in Axes
    49 | D        | Reached skill level 5 in Dodging
    49 | D        | Reached XP level 3. HP: 16/34 MP: 3/3
    49 | D        | Gained mutation: You have a pair of small antennae on your
                  | head. [demonic ancestry]
    49 | D        | Reached XP level 4. HP: 19/40 MP: 4/4
   223 | D        | Noticed Sigmund
   237 | D        | Killed Sigmund
   238 | D        | Reached skill level 8 in Fighting
   238 | D        | Reached XP level 5. HP: 35/51 MP: 5/5
   335 | D        | Found an ornate altar of the Wu Jian Council.
   335 | D        | Found a shimmering blue altar of Sif Muna.
   337 | D        | Found a radiant altar of Vehumet.
   341 | D        | Reached skill level 9 in Fighting
   341 | D        | Reached skill level 5 in Maces & Flails
   341 | D        | Gained mutation: A demonic guardian rushes to your aid.
                  | [demonic ancestry]
   341 | D        | Reached XP level 6. HP: 41/58 MP: 6/6
   372 | D        | Noticed Sonja
   374 | D        | Killed Sonja
   375 | D        | Reached skill level 12 in Fighting
   375 | D        | Gained mutation: You regenerate magic rapidly. [demonic
                  | ancestry]
   375 | D        | Reached XP level 7. HP: 34/71 MP: 7/7
   632 | D        | Found Sesaes's Antique Armour Emporium.
   632 | D        | Found an ancient bone altar of Kikubaaqudgha.
   632 | D        | Found a hazy altar of Hepliaklqana.
   632 | D        | Found a stormy altar of Qazlal.
   632 | D        | Found a hide-covered altar of Uskayaw.
   632 | D        | Found a blossoming altar of Fedhas.
   632 | D        | Found a bloodstained altar of Trog.
   632 | D        | Found an iron altar of Okawaru.
   632 | D        | Found a basalt altar of Yredelemnul.
   632 | D        | Found a snail-covered altar of Cheibriados.
   632 | D        | Found a sacrificial altar of Ru.
   632 | D        | Found a shadowy altar of Dithmenos.
   632 | D        | Noticed a yak
   643 | D        | Killed a yak
   644 | D        | Found an opulent altar of Gozag.
   645 | D        | Found a sparkling altar of Nemelex Xobeh.
   667 | D        | Became a worshipper of Cheibriados the Contemplative
   667 | D        | Reached * piety under Cheibriados
   667 | D        | Reached ** piety under Cheibriados
   670 | D        | Bought a faintly glowing scale mail for 216 gold pieces
   670 | D        | Identified the +6 scale mail of the Pure Wishes {Str+2
                  | Stlth+} (You bought it in a shop in the Dungeon)
   680 | D        | Bought a shiny buckler for 180 gold pieces
   699 | D        | Found Maree's Distillery.
   707 | D        | Noticed a deep troll
   736 | D        | Killed a deep troll
   737 | D        | Reached skill level 13 in Fighting
   737 | D        | Reached skill level 10 in Maces & Flails
   737 | D        | Reached skill level 1 in Shields
   737 | D        | Reached XP level 8. HP: 23/80 MP: 8/8
  1011 | D        | Found Beykhe's Armour Emporium.
  1052 | D        | Bought a potion of heal wounds for 50 gold pieces
  1052 | D        | Bought a potion of curing for 30 gold pieces
  1052 | D        | Bought a potion of curing for 30 gold pieces
  1070 | D        | Noticed a centaur warrior
  1070 | D        | Noticed a centaur warrior
  1077 | D        | Found a burning altar of Makhleb.
  1077 | D        | Found a viscous altar of Jiyva.
  1077 | D        | Found a shimmering altar of Xom.
  1077 | D        | Found a corrupted altar of Lugonu.
  1077 | D        | Noticed a slime creature
  1085 | D        | Killed a slime creature
  1086 | D        | Reached skill level 14 in Fighting
  1106 | D        | Noticed a kobold demonologist
  1107 | D        | Noticed a kobold demonologist
  1110 | D        | Noticed an orange demon
  1110 | D        | Reached *** piety under Cheibriados
  1121 | D        | Noticed an orange demon
  1125 | D        | Noticed a red devil
  1127 | D        | Noticed a rust devil
  1128 | D        | Killed a kobold demonologist
  1129 | D        | Gained mutation: You have a pair of antennae on your head.
                  | [demonic ancestry]
  1129 | D        | Reached XP level 9. HP: 56/88 MP: 9/9
  1137 | D        | Noticed an orange demon
  1142 | D        | Slain by a kobold demonologist

Illustrated notes

Levels and vault maps discovered:
D:        dungeon_sprint_1 [red_sonja_temple_1, red_sonja_temple_small_1]

Skill      XL: |  1  2  3  4  5  6  7  8 |
---------------+-------------------------+-----
Fighting       | 4 5 8 9 12 13 14 | 14.5
Axes           | 4 5 |  5.4
Dodging        | 3 5 |  5.0
Stealth        | 2 |  2.4
Maces & Flails | 4 5 8 10 | 10.6
Shields        | 1 4 |  4.0
Armour         | |  0.2

Action                   |  1- 3 |  4- 6 |  7- 9 || total
-------------------------+-------+-------+-------++-------
Melee: Hand axe          |     7 |       |       ||     7
       Club              |     1 |    14 |    58 ||    73
Evoke: Wand              |     1 |     3 |     2 ||     6
  Use: Potion            |     1 |       |     4 ||     5
       Scroll            |       |     1 |     1 ||     2
 Stab: Distracted        |       |       |     3 ||     3
Armor: Chain mail        |       |     3 |       ||     3
       Scale mail        |       |       |    49 ||    49
Dodge: Dodged            |     4 |     6 |    53 ||    63
Block: Buckler           |       |       |    34 ||    34

Table legend: (Time is in decaauts)
 A = Elapsed time spent in this place.
 B = Non-inter-level travel time spent in this place.
 C = Inter-level travel time spent in this place.
 D = Time resting spent in this place.
 E = Time spent auto-exploring this place.
 F = Levels seen in this place.
 G = Mean time per level.
                   A        B        C        D        E       F      G
               +--------+--------+--------+--------+--------+-----+--------+
         Total |   1224 |   1224 |      0 |      0 |    289 |   1 | 1224.0 |
       Dungeon |   1224 |   1224 |      0 |      0 |    289 |   1 | 1224.0 |
               +--------+--------+--------+--------+--------+-----+--------+

Top non-repeatable levels by time:
       D: 1224 daAuts
